 Dungeon Crawl Stone Soup version 0.24-a0-441-g27f0392e16 (webtiles) character file.

Game seed: 12236735468667176096

24 HAL9000 the Ruffian (level 2, -1/23 HPs)
             Began as a Draconian Transmuter on June 20, 2019.
             Slain by a goblin (5 damage)
             ... led by Robin
             ... on level 2 of the Dungeon.
             The game lasted 00:01:52 (1315 turns).

HAL9000 the Ruffian (Draconian Transmuter)          Turns: 1315, Time: 00:01:53

Health: -1/23      AC:  5    Str: 12    XL:     2   Next: 79%
Magic:  4/5        EV: 12    Int: 13    God:
Gold:   45         SH:  0    Dex: 11    Spells: 4/5 levels left

rFire    . . .     SeeInvis .     - Unarmed
rCold    . . .     Gourm    .   (no shield)
rNeg     . . .     Faith    .   (armour unavailable)
rPois    .         Spirit   .   (helmet restricted)
rElec    .         Reflect  .   (no cloak)
rCorr    .         Harm     .   (no gloves)
MR       +....     Rnd*Tele +   i - +0 pair of boots
Stlth    +.........             (no amulet)
HPRegen  0.07/turn              d - ring of teleportation (curse)
MPRegen  0.09/turn              h - ring of protection from magic

@: appendage
A: unfitting armour, horns 2, cold-blooded, AC +4
a: End Transformation


You were on level 2 of the Dungeon.
You were very hungry.
You had grown temporary horns.
You visited 1 branch of the dungeon, and saw 2 of its levels.

You collected 45 gold pieces.

Inventory:

Missiles
 a - 12 arrows
Armour
 i - a +0 pair of boots (worn)
Jewellery
 d - a cursed ring of teleportation (left hand)
 h - a ring of protection from magic (right hand)
Scrolls
 g - a scroll of amnesia {unknown}
 j - a scroll of identify {unknown}
Potions
 b - a potion of flight {unknown}
 e - 2 potions of resistance {unknown}
 f - a potion of lignification {unknown}
Comestibles
 c - 2 rations


   Skills:
 - Level 1.1 Fighting
 - Level 1.7 Dodging
 - Level 4.0 Unarmed Combat
 - Level 2.0 Spellcasting
 + Level 2.0 Transmutations


You had 4 spell levels left.
You knew the following spells:

 Your Spells              Type           Power        Failure   Level  Hunger
a - Beastly Appendage     Tmut           #.....       11%         1    ##.....

Your spell library contained the following spells:

 Spells                   Type           Power        Failure   Level  Hunger
 Sticks to Snakes         Tmut           #.......     17%         2    ###....
 Spider Form              Tmut/Pois      #.........   45%         3    ####...
 Ice Form                 Ice/Tmut       #.......     86%         4    #####..
 Blade Hands              Tmut           #.........   97%         5    ######.


Dungeon Overview and Level Annotations

Branches:
Dungeon (2/15)

Altars:

Annotations:
D:2 Robin


Innate Abilities, Weirdness & Mutations

Your plain brown scales are hard. (AC +4)
You cannot fit into any form of body armour.
You are cold-blooded and may be slowed by cold attacks.
You have a pair of horns on your head.


Message History

The goblin is heavily wounded.
The goblin hits you. The goblin barely misses you.
You completely miss the goblin.
Your tail-slap misses the goblin.
The goblin is moderately wounded.
The goblin hits you. The goblin hits you with a +0 dagger.
Unknown command.
You barely miss the goblin.
The goblin is moderately wounded.
The goblin hits you.
* * * LOW HITPOINT WARNING * * *
Robin throws the goblin at you!
The goblin hits you but does no damage. x2
Unknown command.
You barely miss the goblin. You headbutt the goblin.
The goblin is severely wounded.
The goblin barely misses you. x2
Unknown command.
You hit the goblin. You headbutt the goblin.
You kill the goblin!
Robin throws the goblin at you! The goblin hits you.
You die...

#.......#
#.......#
#.......#
#.......
+......
####.gggg
#....ggg#
#g########
#g@g.....#
########.#


You could see Robin, 2 hobgoblins and 6 goblins.

Vanquished Creatures
  An ooze (D:2)
  A dart slug (D:1)
  3 bats (D:1)
  4 goblins
  2 hobgoblins (D:1)
  3 frilled lizards (D:1)
  2 kobolds (D:1)
  2 rats (D:1)
18 creatures vanquished.

Notes
Turn   | Place    | Note
-------+----------+-------------------------------------------
     0 | D:1      | HAL9000 the Draconian Transmuter began the quest for the
                  | Orb.
     0 | D:1      | Reached XP level 1. HP: 16/16 MP: 3/3
   331 | D:1      | Reached XP level 2. HP: 23/23 MP: 3/5
  1260 | D:2      | Reached skill level 4 in Unarmed Combat
  1307 | D:2      | Noticed Robin
  1315 | D:2      | Slain by a goblin

Levels and vault maps discovered:
D:1:      elethiomel_arrival_infinity_welcomes_careful_drivers,
          layout_loops_ring, roderic_lattice_a
D:2:      layout_basic, minivault_27, uniq_jessica, uniq_robin

Skill      XL: |  1  2 |
---------------+-------+-----
Unarmed Combat | 4 |  4.0
Fighting       | |  1.1
Dodging        | |  1.7
Spellcasting   | |  2.0
Transmutations | |  2.0

Action                   || total
-------------------------++-------
Melee: Unarmed           ||    65
       Kick              ||     2
       Headbutt          ||     5
       Tailslap          ||     1
 Cast: Beastly Appendage ||    12
  Use: Scroll            ||     1
 Stab: Distracted        ||     1
       Sleeping          ||     1
Armor: Skin              ||    31
Dodge: Dodged            ||    51

Table legend:
 A = Non-vault XP
 B = Vault XP
 C = Vault XP percentage of total XP
 D = Non-vault monster count
 E = Vault monster count
 F = Vault count percentage of total count
                 A         B        C        D         E       F
            +---------+---------+-------+---------+---------+-------
      Total |      33 |       2 |   5.7 |      17 |       1 |   5.6
            +---------+---------+-------+---------+---------+-------
        D:1 |      26 |       0 |   0.0 |      16 |       0 |   0.0
        D:2 |       7 |       2 |  22.2 |       1 |       1 |  50.0
            +---------+---------+-------+---------+---------+-------
